TOP OF THE 1ST |
San Diego Padres batting - Pitching for San Francisco Giants : RHP Casey Jones
|
Pitching: RHP Casey Jones
|
|
Batting: LHB Per Meulengracht
|
0-0: Ball 1-0: Foul Ball, location: 2F 1-1: Ball 2-1: Foul Ball, location: 2F 2-2: Foul Ball, location: 2F 2-2: DOUBLE (Line Drive, 9LM, EV 108.8 MPH)
|
Batting: LHB Kevin Bellman
|
0-0: Ball 1-0: Ball 2-0: Called Strike 2-1: Called Strike 2-2: Ball 3-2: SINGLE (Line Drive, 78S, EV 96.3 MPH) Per Meulengracht to third
|
Batting: SHB Jerry Luckwell
|
0-0: Ball 1-0: Ball 2-0: Ball 3-0: Base on Balls Kevin Bellman to second
|
Batting: LHB Mike Holt
|
0-0: Ball 1-0: Swinging Strike 1-1: Swinging Strike 1-2: Ball 2-2: Ball 3-2: Strikes out swinging
|
Batting: RHB Cesar Breceda
|
0-0: Grounds into double play, 5-4-3 (Groundball, 56, EV 82.5 MPH)
|
Top of the 1st over - 0 runs, 2 hits, 0 errors, 2 left on base; San Diego 0 - San Francisco 0 |
BOTTOM OF THE 1ST |
San Francisco Giants batting - Pitching for San Diego Padres : RHP Adam Thompson
|
Pitching: RHP Adam Thompson
|
|
Batting: RHB Nick Rigden
|
0-0: Ball 1-0: Ball 2-0: Called Strike 2-1: SOLO HOME RUN (Flyball, 8LXD, EV 108.8 MPH), Distance : 425 ft
|
Batting: SHB Ryan Doss
|
0-0: Called Strike 0-1: Ball 1-1: Fly out, F5 (Popup, 5S, EV 70.6 MPH)
|
Batting: LHB Jack Henningar
|
0-0: Ball 1-0: Fly out, F4 (Popup, 4S, EV 79.4 MPH)
|
Batting: LHB Willis Robles
|
0-0: Foul Ball, location: 2F 0-1: Ball 1-1: Foul Ball, location: 2F 1-2: Ball 2-2: Ball 3-2: Ground out 4-3 (Groundball, 34, EV 104.4 MPH)
|
Bottom of the 1st over - 1 run, 1 hit, 0 errors, 0 left on base; San Diego 0 - San Francisco 1 |
TOP OF THE 2ND |
San Diego Padres batting - Pitching for San Francisco Giants : RHP Casey Jones
|
Batting: LHB Xavier Pittman
|
0-0: Called Strike 0-1: Ball 1-1: Ball 2-1: Ground out 5-3 (Groundball, 6, EV 105.0 MPH)
|
Batting: RHB Chiel Palstermans
|
0-0: Ball 1-0: Ball 2-0: Called Strike 2-1: Ball 3-1: Base on Balls
|
Batting: LHB Andy Bowman
|
0-0: Ball 1-0: Ball 2-0: Ball 3-0: Base on Balls Chiel Palstermans to second
|
Batting: RHB Alois Wollf
|
0-0: Called Strike 0-1: Foul Ball, location: 2F 0-2: Ball 1-2: Ball 2-2: Fly out, F8 (Flyball, 8LM, EV 83.1 MPH)
|
Batting: LHB Per Meulengracht
|
0-0: Called Strike 0-1: Ball 1-1: Foul Ball, location: 2F 1-2: Foul Ball, location: 2F 1-2: Fly out, F8 (Line Drive, 8RD, EV 108.8 MPH)
|
Top of the 2nd over - 0 runs, 0 hits, 0 errors, 2 left on base; San Diego 0 - San Francisco 1 |
BOTTOM OF THE 2ND |
San Francisco Giants batting - Pitching for San Diego Padres : RHP Adam Thompson
|
Batting: RHB Sean Zielinski
|
0-0: Swinging Strike 0-1: Ball 1-1: Foul Ball, location: 2F 1-2: Foul Ball, location: 2F 1-2: Ground out 6-3 (Groundball, 6, EV 90.6 MPH)
|
Batting: LHB John Blair
|
0-0: Ball 1-0: Called Strike 1-1: Fly out, F4 (Popup, 4MD, EV 65.6 MPH)
|
Batting: RHB Jason May
|
0-0: Swinging Strike 0-1: Ball 1-1: Ball 2-1: Foul Ball, location: 2F 2-2: Ball 3-2: Ground out 6-3 (Groundball, 6, EV 80.6 MPH)
|
Bottom of the 2nd over - 0 runs, 0 hits, 0 errors, 0 left on base; San Diego 0 - San Francisco 1 |
TOP OF THE 3RD |
San Diego Padres batting - Pitching for San Francisco Giants : RHP Casey Jones
|
Batting: LHB Kevin Bellman
|
0-0: Ball 1-0: Called Strike 1-1: Fly out, F8 (Flyball, 89D, EV 91.3 MPH)
|
Batting: SHB Jerry Luckwell
|
0-0: TRIPLE (Line Drive, 78XD, EV 106.9 MPH)
|
Batting: LHB Mike Holt
|
0-0: Ball 1-0: Fly out, F3 (Popup, 3F, EV 81.3 MPH)
|
Batting: RHB Cesar Breceda
|
0-0: Ball 1-0: Ground out 4-3 (Groundball, 4, EV 82.5 MPH)
|
Top of the 3rd over - 0 runs, 1 hit, 0 errors, 1 left on base; San Diego 0 - San Francisco 1 |
BOTTOM OF THE 3RD |
San Francisco Giants batting - Pitching for San Diego Padres : RHP Adam Thompson
|
Batting: RHB Kanehisa Kubo
|
0-0: Ground out 6-3 (Groundball, 6D, EV 108.1 MPH)
|
Batting: RHB Bobby Scholl
|
0-0: Ball 1-0: Called Strike 1-1: Swinging Strike 1-2: Fly out, F9 (Line Drive, 9, EV 95.6 MPH)
|
Batting: RHB Nick Rigden
|
0-0: Ball 1-0: Ground out 4-3 (Groundball, 4, EV 83.1 MPH)
|
Bottom of the 3rd over - 0 runs, 0 hits, 0 errors, 0 left on base; San Diego 0 - San Francisco 1 |
TOP OF THE 4TH |
San Diego Padres batting - Pitching for San Francisco Giants : RHP Casey Jones
|
Batting: LHB Xavier Pittman
|
0-0: Foul Ball, location: 2F 0-1: Fly out, F8 (Flyball, 8LD, EV 97.5 MPH)
|
Batting: RHB Chiel Palstermans
|
0-0: Ball 1-0: Ball 2-0: Swinging Strike 2-1: Swinging Strike 2-2: Ground out 5-3 (Groundball, 56, EV 85.0 MPH)
|
Batting: LHB Andy Bowman
|
0-0: Called Strike 0-1: Called Strike 0-2: Strikes out swinging
|
Top of the 4th over - 0 runs, 0 hits, 0 errors, 0 left on base; San Diego 0 - San Francisco 1 |
BOTTOM OF THE 4TH |
San Francisco Giants batting - Pitching for San Diego Padres : RHP Adam Thompson
|
Batting: SHB Ryan Doss
|
0-0: Ball 1-0: Foul Ball, location: 2F 1-1: SOLO HOME RUN (Flyball, 89XD, EV 115.6 MPH), Distance : 450 ft
|
Batting: LHB Jack Henningar
|
0-0: Ball 1-0: Ball 2-0: Ball 3-0: Called Strike 3-1: Base on Balls
|
Batting: LHB Willis Robles
|
0-0: Ball 1-0: SINGLE (Flyball, 7LS, EV 95.0 MPH) Jack Henningar to second
|
Batting: RHB Sean Zielinski
|
0-0: Grounds into double play, 6-4-3 (Groundball, 6, EV 83.8 MPH) Jack Henningar to third
|
Batting: LHB John Blair
|
0-0: Ground out U3 (Groundball, 34D, EV 106.9 MPH)
|
Bottom of the 4th over - 1 run, 2 hits, 0 errors, 1 left on base; San Diego 0 - San Francisco 2 |
TOP OF THE 5TH |
San Diego Padres batting - Pitching for San Francisco Giants : RHP Casey Jones
|
Batting: RHB Alois Wollf
|
0-0: Swinging Strike 0-1: Called Strike 0-2: Ball 1-2: SOLO HOME RUN (Flyball, 7D, EV 93.8 MPH), Distance : 370 ft
|
Batting: LHB Per Meulengracht
|
0-0: Called Strike 0-1: Ball 1-1: Ball 2-1: Foul Ball, location: 2F 2-2: Ball 3-2: Foul Ball, location: 2F 3-2: Foul Ball, location: 2F 3-2: Ground out 6-3 (Groundball, 6M, EV 86.3 MPH)
|
Batting: LHB Kevin Bellman
|
0-0: Foul Ball, location: 2F 0-1: Called Strike 0-2: Ball 1-2: Foul Ball, location: 2F 1-2: DOUBLE (Flyball, 78D, EV 91.9 MPH)
|
Batting: SHB Jerry Luckwell
|
0-0: SINGLE (Line Drive, 5D, EV 98.1 MPH) Kevin Bellman to third Runner from 3rd tries for Home, throw by LF and OUT! 7-2
|
Batting: LHB Mike Holt
|
0-0: Ball 1-0: SINGLE (Groundball, 4S, EV 61.3 MPH) (infield hit) Jerry Luckwell to second
|
Batting: RHB Cesar Breceda
|
0-0: Foul Ball, location: 2F 0-1: Foul Ball, location: 2F 0-2: Foul Ball, location: 2F 0-2: Ball 1-2: Ball 2-2: Ball 3-2: Foul Ball, location: 2F 3-2: Base on Balls Jerry Luckwell to third Mike Holt to second
|
Batting: LHB Xavier Pittman
|
0-0: Fly out, F8 (Line Drive, 8RD, EV 100.0 MPH)
|
Top of the 5th over - 1 run, 4 hits, 0 errors, 3 left on base; San Diego 1 - San Francisco 2 |
BOTTOM OF THE 5TH |
San Francisco Giants batting - Pitching for San Diego Padres : RHP Adam Thompson
|
Batting: RHB Jason May
|
0-0: Ground out 4-3 (Groundball, 4, EV 86.3 MPH)
|
Batting: RHB Kanehisa Kubo
|
0-0: Called Strike 0-1: Ball 1-1: Called Strike 1-2: Ball 2-2: Ball 3-2: Ground out 4-3 (Groundball, 4, EV 93.1 MPH)
|
Batting: RHB Bobby Scholl
|
0-0: Ball 1-0: Called Strike 1-1: Ball 2-1: Ball 3-1: Called Strike 3-2: Foul Ball, location: 2F 3-2: Base on Balls
|
Batting: RHB Nick Rigden
|
0-0: Fielders Choice at 2nd, 6-4 (Groundball, 56, EV 88.1 MPH)
|
Bottom of the 5th over - 0 runs, 0 hits, 0 errors, 1 left on base; San Diego 1 - San Francisco 2 |
TOP OF THE 6TH |
San Diego Padres batting - Pitching for San Francisco Giants : RHP Casey Jones
|
Pitching: RHP Johnny Munoz
|
|
Batting: RHB Chiel Palstermans
|
0-0: Swinging Strike 0-1: Ball 1-1: Called Strike 1-2: Foul Ball, location: 2F 1-2: Foul Ball, location: 2F 1-2: Foul Ball, location: 2F 1-2: Foul Ball, location: 2F 1-2: Ball 2-2: Ground out 4-3 (Groundball, 4, EV 86.3 MPH)
|
Batting: LHB Andy Bowman
|
0-0: Called Strike 0-1: Foul Ball, location: 2F 0-2: SINGLE (Flyball, 8LM, EV 96.3 MPH)
|
Batting: RHB Alois Wollf
|
0-0: Ball Wild Pitch! Andy Bowman to second 1-0: Ball 2-0: SINGLE (Line Drive, 8RS, EV 96.9 MPH) Andy Bowman to third
|
Batting: LHB Per Meulengracht
|
0-0: Ball 1-0: Foul Ball, location: 2F 1-1: Ball 2-1: Foul Ball, location: 2F 2-2: DOUBLE (Groundball, 3L, EV 105.6 MPH) Andy Bowman scores Alois Wollf to third Runner from 3rd tries for Home, SAFE, throw by RF to home
|
Pitching: RHP Borisz Barciniak
|
|
Batting: LHB Kevin Bellman
|
0-0: Ball Per Meulengracht steals 3rd base (no throw) 1-0: Called Strike 1-1: 2-RUN HOME RUN (Flyball, 89XD, EV 111.9 MPH), Distance : 447 ft
|
Batting: SHB Jerry Luckwell
|
0-0: Ball 1-0: Foul Ball, location: 2F 1-1: Called Strike 1-2: Strikes out swinging
|
Batting: LHB Mike Holt
|
0-0: Called Strike 0-1: Swinging Strike 0-2: Strikes out looking
|
Top of the 6th over - 4 runs, 4 hits, 0 errors, 0 left on base; San Diego 5 - San Francisco 2 |
BOTTOM OF THE 6TH |
San Francisco Giants batting - Pitching for San Diego Padres : RHP Adam Thompson
|
Batting: SHB Ryan Doss
|
0-0: Foul Ball, location: 2F 0-1: Foul Ball, location: 2F 0-2: Ball 1-2: Fly out, F9 (Flyball, 9D, EV 90.6 MPH)
|
Batting: LHB Jack Henningar
|
0-0: Ball 1-0: Called Strike 1-1: Ball 2-1: Foul Ball, location: 2F 2-2: Ball 3-2: Ground out 6-3 (Groundball, 6MD, EV 85.0 MPH)
|
Batting: LHB Willis Robles
|
0-0: Ball 1-0: SINGLE (Line Drive, 78S, EV 93.1 MPH)
|
Batting: RHB Sean Zielinski
|
0-0: Fly out, F7 (Flyball, 7, EV 87.5 MPH)
|
Bottom of the 6th over - 0 runs, 1 hit, 0 errors, 1 left on base; San Diego 5 - San Francisco 2 |
TOP OF THE 7TH |
San Diego Padres batting - Pitching for San Francisco Giants : RHP Borisz Barciniak
|
Pitching: LHP Tyler Stancil
|
|
Batting: RHB Cesar Breceda
|
0-0: Ball 1-0: Foul Ball, location: 2F 1-1: Foul Ball, location: 2F 1-2: Foul Ball, location: 2F 1-2: Ball 2-2: Ball 3-2: Ground out 6-3 (Groundball, 6, EV 88.8 MPH)
|
Batting: LHB Xavier Pittman
|
0-0: Called Strike 0-1: Foul Ball, location: 2F 0-2: Ball 1-2: Foul Ball, location: 2F 1-2: Foul Ball, location: 2F 1-2: Fly out, F8 (Flyball, 78S, EV 83.1 MPH)
|
Batting: RHB Chiel Palstermans
|
0-0: Foul Ball, location: 2F 0-1: Foul Ball, location: 2F 0-2: Foul Ball, location: 2F 0-2: Reaches on Catchers interference
|
Batting: LHB Andy Bowman
|
0-0: Called Strike 0-1: Called Strike 0-2: Foul Ball, location: 2F 0-2: Foul Ball, location: 2F 0-2: Ball 1-2: Ball 2-2: Foul Ball, location: 2F 2-2: Strikes out swinging
|
Top of the 7th over - 0 runs, 0 hits, 1 error, 1 left on base; San Diego 5 - San Francisco 2 |
BOTTOM OF THE 7TH |
San Francisco Giants batting - Pitching for San Diego Padres : RHP Adam Thompson
|
Batting: LHB John Blair
|
0-0: Ground out U3 (Groundball, 34, EV 90.6 MPH)
|
Batting: RHB Jason May
|
0-0: Swinging Strike 0-1: Called Strike 0-2: Strikes out swinging
|
Batting: RHB Kanehisa Kubo
|
0-0: Ball 1-0: Ball 2-0: Swinging Strike 2-1: Ball 3-1: Fly out, F6 (Line Drive, 6, EV 70.0 MPH)
|
Bottom of the 7th over - 0 runs, 0 hits, 0 errors, 0 left on base; San Diego 5 - San Francisco 2 |
TOP OF THE 8TH |
San Diego Padres batting - Pitching for San Francisco Giants : LHP Tyler Stancil
|
Pitching: RHP Keith Kidd
|
|
Batting: RHB Alois Wollf
|
0-0: Foul Ball, location: 2F 0-1: Called Strike 0-2: Strikes out swinging
|
Batting: LHB Per Meulengracht
|
0-0: Ball 1-0: Ball 2-0: Foul Ball, location: 2F 2-1: Fly out, F5 (Popup, 5SF, EV 79.4 MPH)
|
Batting: LHB Kevin Bellman
|
0-0: Ball 1-0: Ball 2-0: Called Strike 2-1: Ball 3-1: Base on Balls
|
Batting: SHB Jerry Luckwell
|
0-0: Foul Ball, location: 2F 0-1: Swinging Strike 0-2: Ball 1-2: Ball 2-2: Foul Ball, location: 2F 2-2: Foul Ball, location: 2F 2-2: DOUBLE (Line Drive, 78D, EV 108.8 MPH) Kevin Bellman to third Runner from 3rd tries for Home, SAFE, throw by LF to home
|
Batting: LHB Mike Holt
|
0-0: Called Strike 0-1: Ball 1-1: Foul Ball, location: 2F 1-2: Ground out 6-3 (Groundball, 6M, EV 85.0 MPH)
|
Top of the 8th over - 1 run, 1 hit, 0 errors, 1 left on base; San Diego 6 - San Francisco 2 |
BOTTOM OF THE 8TH |
San Francisco Giants batting - Pitching for San Diego Padres : RHP Adam Thompson
|
Batting: RHB Bobby Scholl
|
0-0: Called Strike 0-1: Ball 1-1: Swinging Strike 1-2: Ball 2-2: Strikes out swinging
|
Batting: RHB Nick Rigden
|
0-0: Ball 1-0: Ball 2-0: Ball 3-0: Base on Balls
|
Batting: SHB Ryan Doss
|
0-0: Ball 1-0: Foul Ball, location: 2F 1-1: Ball 2-1: Foul Ball, location: 2F 2-2: DOUBLE (Line Drive, 9LD, EV 104.4 MPH) Nick Rigden to third
|
Pitching: RHP Raul Almonte
|
|
Batting: LHB Jack Henningar
|
0-0: Foul Ball, location: 2F 0-1: Foul Ball, location: 2F 0-2: Foul Ball, location: 2F 0-2: Ball 1-2: Ball 2-2: SINGLE (Line Drive, 34D, EV 102.5 MPH) Nick Rigden scores Ryan Doss to third
|
Batting: LHB Willis Robles
|
0-0: Called Strike 0-1: Grounds into double play, U6-3 (Groundball, 4MS, EV 77.5 MPH)
|
Bottom of the 8th over - 1 run, 2 hits, 0 errors, 1 left on base; San Diego 6 - San Francisco 3 |
TOP OF THE 9TH |
San Diego Padres batting - Pitching for San Francisco Giants : RHP Keith Kidd
|
Batting: RHB Cesar Breceda
|
0-0: Ground out 5-3 (Groundball, 5S, EV 68.1 MPH)
|
Batting: LHB Xavier Pittman
|
0-0: Foul Ball, location: 2F 0-1: Fly out, F9 (Line Drive, 9, EV 91.3 MPH)
|
Batting: RHB Chiel Palstermans
|
0-0: Called Strike 0-1: Ball 1-1: Called Strike 1-2: Strikes out swinging
|
Top of the 9th over - 0 runs, 0 hits, 0 errors, 0 left on base; San Diego 6 - San Francisco 3 |
BOTTOM OF THE 9TH |
San Francisco Giants batting - Pitching for San Diego Padres : RHP Raul Almonte
|
Pitching: LHP Tommy Hall
|
|
Batting: RHB Sean Zielinski
|
0-0: Called Strike 0-1: Fly out, F7 (Flyball, 7S, EV 84.4 MPH)
|
Pinch Hitting: RHB Xavier Castellanos
|
0-0: Called Strike 0-1: Foul Ball, location: 2F 0-2: Foul Ball, location: 2F 0-2: Ball 1-2: SINGLE (Groundball, 34S, EV 72.5 MPH) (infield hit)
|
Batting: RHB Jason May
|
0-0: Ball 1-0: Ball 2-0: Foul Ball, location: 2F 2-1: Ball 3-1: Foul Ball, location: 2F 3-2: Grounds into double play, 5-4-3 (Groundball, 56, EV 86.9 MPH)
|
Bottom of the 9th over - 0 runs, 1 hit, 0 errors, 0 left on base; San Diego 6 - San Francisco 3 |
|